 Dungeon Sprint DCSS version 0.23.0-3-gf3c87f2 (webtiles) character file.

Game seed: 6664330445250233298

1827 nuthulu the Covert (level 8, -3/69 HPs)
             Began as a Vampire Assassin on Feb 24, 2019.
             Was an Elder of Dithmenos.
             Killed from afar by a burning bush (6 damage)
             ... with a puff of flame
             ... in the Dungeon (Sprint IV: "Fedhas' Mad Dash").
             The game lasted 00:04:02 (1449 turns).

nuthulu the Covert (Vampire Assassin)               Turns: 1449, Time: 00:04:02

Health: -3/69      AC:  3    Str: 10    XL:     8   Next: 86%
Magic:  12/13      EV: 20    Int: 13    God:    Dithmenos [****..]
Gold:   162        SH:  0    Dex: 18    Spells: 7/7 levels left

rFire    . . .     SeeInvis +   a - +2 dagger
rCold    + . .     Gourm    .   (no shield)
rNeg     + + .     Faith    .   c - +0 robe
rPois    +         Spirit   .   (no helmet)
rElec    .         Reflect  .   d - +0 cloak
rCorr    .         Harm     .   (no gloves)
MR       .....     NoTele   +   (no boots)
Stlth    +++.......             n - amulet of invisibility {+Inv}
HPRegen  0.10/turn              (no ring)
MPRegen  0.13/turn              (no ring)

@: contaminated, regenerating slowly, hasted, glowing, invisible (but backlit
and visible), very quick
A: rotting body, fangs 3, see invisible, unbreathing
a: Bat Form, Shadow Step, Renounce Religion


You were in the Dungeon.
You worshipped Dithmenos.
Dithmenos was greatly pleased with you.
You were near bloodless.

You visited 1 branch You collected 162 gold pieces.

Inventory:

Hand Weapons
 a - a +2 dagger (weapon)
 b - a +0 blowgun
Missiles
 e - 8 poisoned needles
 f - 2 curare-tipped needles
Armour
 c - a +0 robe (worn)
 d - a +0 cloak (worn)
Jewellery
 l - the ring of Qiorhot {EV+3 Str+3 Int-3 Dex+6, unknown}
   (You found it in the Dungeon)

   [ring of evasion]

   It affects your evasion (+3).
   It affects your strength (+3).
   It affects your intelligence (-3).
   It affects your dexterity (+6).
 n - the amulet of invisibility (around neck) {+Inv}
   (You found it in the Dungeon)

   [amulet of nothing]

   It lets you turn invisible.
Scrolls
 i - a scroll of immolation {unknown}
 m - a scroll of blinking
Potions
 h - a potion of curing
 k - 2 potions of magic
Comestibles
 g - a ration


   Skills:
 + Level 8.7 Fighting
 + Level 10.2 Short Blades
 - Level 1.5 Throwing
 + Level 10.1 Dodging
 + Level 14.5 Stealth
 + Level 7.2 Evocations


You had 7 spell levels left.
You didn't know any spells.
Your spell library was empty.

Dungeon Overview and Level Annotations

Branches:
Dungeon (1/1)

Altars:
Cheibriados
Dithmenos
Elyvilon
Gozag
Hepliaklqana
Kikubaaqudgha
Makhleb
Nemelex Xobeh
Okawaru
Qazlal
Ru
Sif Muna
Trog
Uskayaw
Vehumet
Wu Jian
Xom
Yredelemnul
Zin
The Shining One
Beogh
Jiyva
Lugonu


Innate Abilities, Weirdness & Mutations

Your body is rotting away.
You thrive on raw meat.
You heal slowly.
You have razor-sharp teeth.
You have supernaturally acute eyesight. (SInv)
You can survive without breathing.


Message History

The burning bush throws fire at you. The puff of flame hits you.
* * * LOW HITPOINT WARNING * * *
You hit the burning bush but do no damage.
The burning bush is severely damaged.
You hit the burning bush but do no damage.
The burning bush is severely damaged.
You hit the burning bush but do no damage.
The burning bush is severely damaged.
The burning bush throws fire at you. The puff of flame misses you.
You hit the burning bush.
The burning bush is severely damaged.
You hit the burning bush but do no damage.
The burning bush is severely damaged.
You hit the burning bush but do no damage.
The burning bush is severely damaged.
The burning bush throws fire at you. The puff of flame hits you.
You die...

#<..P#.....#.....#.⌠._._._.
#....'.(...+.#...'.._._._._
#.PPP#.....#.#...#..._._._.
###############'##.._._._._
#...♣........'...#._._._._.
#......♣.....#...##########
#.....♣..♣..######
##'####'######..+
#).#....'.@.....#
#..#.[###P......# #######
#########


You could see a burning bush.

Vanquished Creatures
  2 oklob plants (D)
  A wandering mushroom (D)
  A burning bush (D)
  A queen bee (D)
  A scorpion (D)
  4 killer bees (D)
  5 oklob saplings (D)
  A worker ant (D)
  2 spriggans (D)
  A river rat (D)
  A rat (D)
  3 fungi (D)
23 creatures vanquished.

Notes
Turn   | Place    | Note
-------+----------+-------------------------------------------
     0 | D        | nuthulu the Vampire Assassin began the quest for the Orb.
     0 | D        | Reached XP level 1. HP: 16/16 MP: 1/1
    47 | D        | Reached skill level 6 in Stealth
    47 | D        | Reached XP level 2. HP: 23/23 MP: 2/2
    60 | D        | Noticed an oklob sapling
    62 | D        | Killed an oklob sapling
    62 | D        | Reached skill level 7 in Stealth
    62 | D        | Reached XP level 3. HP: 29/29 MP: 3/3
    66 | D        | Found the amulet of invisibility {+Inv}
    67 | D        | Reached skill level 8 in Stealth
    86 | D        | Found an opulent altar of Gozag.
    86 | D        | Found a hazy altar of Hepliaklqana.
    86 | D        | Found a burning altar of Makhleb.
    86 | D        | Found a sparkling altar of Nemelex Xobeh.
    86 | D        | Found a sacrificial altar of Ru.
    86 | D        | Found a deep blue altar of Sif Muna.
    86 | D        | Found an ornate altar of the Wu Jian Council.
    86 | D        | Found a shimmering altar of Xom.
    86 | D        | Found a basalt altar of Yredelemnul.
    87 | D        | Found a viscous altar of Jiyva.
    87 | D        | Found a roughly hewn altar of Beogh.
    87 | D        | Found a snail-covered altar of Cheibriados.
    87 | D        | Found a bloodstained altar of Trog.
    87 | D        | Noticed an oklob sapling priest
    88 | D        | Found an iron altar of Okawaru.
    88 | D        | Found a shadowy altar of Dithmenos.
    88 | D        | Found a glowing silver altar of Zin.
    89 | D        | Found an ancient bone altar of Kikubaaqudgha.
    89 | D        | Found a hide-covered altar of Uskayaw.
    90 | D        | Found a stormy altar of Qazlal.
    90 | D        | Found a white marble altar of Elyvilon.
    90 | D        | Found a glowing golden altar of the Shining One.
    91 | D        | Found a corrupted altar of Lugonu.
    91 | D        | Found a radiant altar of Vehumet.
   106 | D        | Killed an oklob sapling priest
   106 | D        | Reached skill level 5 in Short Blades
   106 | D        | Reached skill level 5 in Dodging
   106 | D        | Reached skill level 9 in Stealth
   106 | D        | Reached XP level 4. HP: 10/38 MP: 2/4
   455 | D        | Became a worshipper of Dithmenos the Shadowed
   469 | D        | Reached skill level 1 in Evocations
   469 | D        | Reached XP level 5. HP: 43/43 MP: 2/5
   506 | D        | Reached skill level 5 in Fighting
   507 | D        | Reached * piety under Dithmenos
   507 | D        | Reached skill level 10 in Stealth
   783 | D        | Noticed a queen bee
   890 | D        | Reached ** piety under Dithmenos
   890 | D        | Reached skill level 11 in Stealth
   890 | D        | Reached XP level 6. HP: 50/52 MP: 6/8
   940 | D        | HP: 1/53 [queen bee (12)]
   948 | D        | Killed a queen bee
   948 | D        | Reached *** piety under Dithmenos
   948 | D        | Reached skill level 12 in Stealth
   948 | D        | Reached skill level 5 in Evocations
   948 | D        | Reached XP level 7. HP: 25/59 MP: 10/10
  1243 | D        | Noticed an oklob plant
  1246 | D        | Killed an oklob plant
  1246 | D        | Reached skill level 13 in Stealth
  1246 | D        | Reached XP level 8. HP: 68/68 MP: 8/12
  1376 | D        | Noticed a burning bush
  1379 | D        | Killed a burning bush
  1389 | D        | Noticed a burning bush
  1389 | D        | Noticed an oklob plant
  1390 | D        | Noticed a wandering mushroom
  1397 | D        | Killed an oklob plant
  1397 | D        | Reached skill level 10 in Short Blades
  1397 | D        | Reached skill level 14 in Stealth
  1399 | D        | Reached **** piety under Dithmenos
  1401 | D        | Killed a wandering mushroom
  1401 | D        | Reached skill level 10 in Dodging
  1403 | D        | Got a faintly glowing gossamer ring
  1443 | D        | HP: 2/69 [burning bush/puff of flame (3)]
  1449 | D        | Killed from afar by a burning bush

Skill      XL: |  1  2  3  4  5  6  7  8 |
---------------+-------------------------+-----
Fighting       | 2 3 4 5 6 7 8 |  8.7
Short Blades   | 3 4 5 7 8 9 10 | 10.2
Dodging        | 2 3 5 6 8 9 10 | 10.1
Stealth        | 6 7 9 11 12 13 14 | 14.5
Evocations     | 1 3 5 6 7 |  7.2
Throwing       | |  1.5

Action                   |  1- 3 |  4- 6 |  7- 9 || total
-------------------------+-------+-------+-------++-------
Melee: Dagger            |    51 |    45 |    46 ||   142
       Bite              |    10 |     5 |     9 ||    24
 Fire: Blowgun           |     1 |       |       ||     1
 Abil: Evoke Invisibilit |     1 |     6 |     3 ||    10
  Use: Potion            |     1 |     4 |     2 ||     7
 Stab: Sleeping          |     2 |     4 |     5 ||    11
       Invisible         |       |     4 |       ||     4
Armor: Robe              |     1 |     4 |       ||     5
Dodge: Dodged            |       |    32 |     6 ||    38
